 Dungeon Crawl Stone Soup version 0.29.1-13-g9f3cf754e1 (webtiles) character file.

Game seed: 11264313337635467100

730 theswoord the Skirmisher (level 7, 0/50 HPs)
             Began as a Demonspawn Hunter on Jan 23, 2023.
             Hit by a silver javelin thrown by a minotaur (16 damage)
             ... created by the fury of Okawaru
             ... on level 5 of the Dungeon.
             The game lasted 00:08:09 (5705 turns).

theswoord the Skirmisher (Demonspawn Hunter)        Turns: 5705, Time: 00:08:09

Health: 0/50       AC: 14    Str: 12    XL:     7   Next: 44%
Magic:  7/7        EV:  2    Int: 10    God:
Gold:   146        SH:  0    Dex: 16    Spells: 6/6 levels left

rFire   . . .      SeeInvis .   o - +0 arbalest
rCold   . . .      Faith    .   (shield currently unavailable)
rNeg    . . .      Spirit   .   k - +0 plate armour
rPois   .          Reflect  .   q - +0 helmet
rElec   .          Harm     .   i - +0 cloak
rCorr   .          Rampage  .   (no gloves)
Will    .....                   (no boots)
Stlth   ..........              (no amulet)
HPRegen 0.16/turn               (no ring)
MPRegen 0.10/turn               (no ring)

@: silenced
A: slimy green scales 1, demonic guardian 2, weakness stinger 1, weak 1
a: no special abilities


You were on level 5 of the Dungeon.
You visited 1 branch of the dungeon, and saw 5 of its levels.

You collected 254 gold pieces.
You spent 108 gold pieces at shops.

Inventory:

Hand Weapons
 a - a +1 shortbow
 o - a +0 arbalest (weapon)
 s - a +0 whip
Armour
 c - a +0 leather armour
 h - a +0 chain mail
 i - a +0 cloak (worn)
 k - a +0 plate armour (worn)
 q - a +0 helmet (worn)
Jewellery
 u - a ring of flight
Scrolls
 b - a scroll of immolation
 d - a scroll of enchant weapon
 g - a scroll of enchant armour {unknown}
 j - a scroll of magic mapping
 t - 2 scrolls of identify
Potions
 f - a potion of brilliance
 n - a potion of attraction
 p - a potion of mutation


   Skills:
 - Level 2.0 Fighting
 + Level 8.5 Ranged Weapons
 - Level 1.7 Dodging
 - Level 0.8 Stealth


You had 6 spell levels left.
You didn't know any spells.
Your spell library was empty.

Dungeon Overview and Level Annotations

Branches:
Dungeon (5/15)
 Temple: D:4-7

Altars:
Kikubaaqudgha
Makhleb
Okawaru
Ru
Sif Muna
Uskayaw
Vehumet
Wu Jian
Xom

Shops:
D:4 (


Innate Abilities, Weirdness & Mutations

You are partially covered in slimy green scales. (AC +2)
A demonic guardian rushes to your aid.
You have a small tail.
You are weak. (Str -2)


Message History

The water moccasin bites you.
You are poisoned.
The water moccasin poisons you!
The water moccasin bites you but does no damage.
The water moccasin barely misses you.
You shoot a bolt.
The bolt closely misses the water moccasin.
You feel extremely sick. The water moccasin bites you.
You are more poisoned.
The water moccasin poisons you!
The water moccasin bites you but does no damage. x2
You shoot a bolt.
The bolt closely misses the water moccasin.
* * * LOW HITPOINT WARNING * * *
You feel extremely sick.
The water moccasin bites you but does no damage. x3
Unknown command.
You shoot a bolt. The bolt hits the water moccasin!
You kill the water moccasin!
* * * LOW HITPOINT WARNING * * *
You feel very sick.
No target in view!
Unknown command.
No target in view!
You feel sick.
You feel sick.
You feel sick.
You feel sick.
You feel sick.
You feel sick.
You feel sick.
You are no longer poisoned.
Okawaru sends forces against you!
A two-headed ogre and a minotaur come into view.
The minotaur is quivering silver javelins.
As you read the scroll labelled LIUH JANECIDGHI, it crumbles to dust.
A profound silence engulfs you.
It was a scroll of silence.
The minotaur throws a silver javelin.
The silver javelin pierces through you!
You die...

###....##..#.....+............
#....##..#.....#..:.........
......#..#.....#............
#..#.....#............
#.##.....#############
#.#####...............
..#...#.O.............
#...#..<............
+<.@................
#...######.......... #..H#
#.......... ###.# #..........
..# #.########† ..# #..
#...... ...# #.. #...).. ....
... #...... . ##..##.


You could see a minotaur and a two-headed ogre.

Vanquished Creatures
  A water moccasin (D:5)
  A black bear (D:4)
  A phantom (D:5)
  A scorpion (D:5)
  3 hounds (D:4)
  An iguana (D:4)
  6 orc wizards (D:4)
  3 gnolls (D:3)
  6 adders
  3 adder zombies (D:2)
  An adder skeleton (D:2)
  A worm (D:2)
  A dart slug (D:1)
  3 orcs (D:4)
  3 bat zombies (D:2)
  5 endoplasms
  2 giant cockroaches (D:1)
  6 goblins
  5 hobgoblins
  5 ball pythons
  3 ball python skeletons (D:2)
  2 ball python zombies (D:2)
  6 bats
  A giant cockroach zombie (D:2)
  A jackal zombie (D:2)
  2 kobolds
  A quokka skeleton (D:2)
  2 quokka zombies (D:2)
  2 rats
78 creatures vanquished.

Vanquished Creatures (others)
  5 fungi (D:1)
5 creatures vanquished.

Grand Total: 83 creatures vanquished

Notes
Turn   | Place    | Note
-------+----------+-------------------------------------------
     0 | D:1      | theswoord the Demonspawn Hunter began the quest for the
                  | Orb.
     0 | D:1      | Reached XP level 1. HP: 16/16 MP: 1/1
    30 | D:1      | Found a faded altar of an unknown god.
    56 | D:1      | Reached skill level 4 in Ranged Weapons
   323 | D:1      | Gained mutation: You have a small tail. [demonic ancestry]
   323 | D:1      | Reached XP level 2. HP: 22/22 MP: 2/2
  1318 | D:2      | Reached XP level 3. HP: 23/27 MP: 3/3
  1881 | D:2      | Identified the +6 sling of Deformation {vorpal, rF+ rC+
                  | Str+3 Int-4}
  1898 | D:2      | Reached skill level 5 in Ranged Weapons
  2431 | D:3      | Found a hide-covered altar of Uskayaw.
  2432 | D:3      | Found an iron altar of Okawaru.
  2432 | D:3      | Found a shimmering altar of Xom.
  2436 | D:3      | Found a sacrificial altar of Ru.
  2440 | D:3      | Became a worshipper of Warmaster Okawaru
  2477 | D:3      | Gained mutation: A weak demonic guardian rushes to your
                  | aid. [demonic ancestry]
  2477 | D:3      | Reached XP level 4. HP: 33/33 MP: 4/4
  2946 | D:3      | Found an ornate altar of the Wu Jian Council.
  3450 | D:4      | Noticed a black bear
  3458 | D:4      | Killed a black bear
  3459 | D:4      | Reached skill level 6 in Ranged Weapons
  3459 | D:4      | Reached XP level 5. HP: 38/38 MP: 5/5
  3602 | D:4      | Gained mutation: A demonic guardian rushes to your aid.
                  | [demonic ancestry]
  3602 | D:4      | Reached XP level 6. HP: 36/44 MP: 6/6
  3674 | D:4      | Found a burning altar of Makhleb.
  3842 | D:4      | Reached skill level 7 in Ranged Weapons
  4059 | D:4      | Found Lojentae's Antique Weapon Shop.
  4068 | D:4      | Bought an arbalest for 108 gold pieces
  4121 | D:4      | Found a radiant altar of Vehumet.
  4127 | D:4      | Found an ancient bone altar of Kikubaaqudgha.
  4485 | D:4      | Found a shimmering blue altar of Sif Muna.
  4487 | D:4      | Reached * piety under Okawaru
  4877 | D:5      | Entered Level 5 of the Dungeon
  4890 | D:5      | Gained mutation: You are partially covered in slimy green
                  | scales. (AC +2) [demonic ancestry]
  4890 | D:5      | Reached XP level 7. HP: 32/50 MP: 7/7
  5105 | D:5      | HP: 2/50 [scorpion (5)]
  5107 | D:5      | Gained mutation: You are weak. (Str -2) [potion of
                  | mutation]
  5111 | D:5      | Reached skill level 8 in Ranged Weapons
  5376 | D:5      | Fell from the grace of Okawaru
  5704 | D:5      | Noticed a two-headed ogre
  5704 | D:5      | Noticed a minotaur
  5705 | D:5      | Hit by a silver javelin thrown by a minotaur

Skill      XL: |  1  2  3  4  5  6  7 |
---------------+----------------------+-----
Ranged Weapons | 4 5 6 7 8 |  8.5
Fighting       | |  2.0
Dodging        | |  1.7
Stealth        | |  0.8

Action                   |  1- 3 |  4- 6 |  7- 9 || total
-------------------------+-------+-------+-------++-------
Melee: Arbalest          |       |    23 |       ||    23
       Whip              |       |    21 |     3 ||    24
       Tailslap          |       |     4 |       ||     4
 Fire: Shortbow          |   147 |    79 |       ||   226
       Arbalest          |       |    28 |    31 ||    59
Invok: Renounce Religion |       |       |     1 ||     1
  Use: Scroll            |       |     9 |     1 ||    10
       Potion            |       |     1 |     5 ||     6
Armor: Leather armour    |    10 |       |       ||    10
       Chain mail        |    43 |       |       ||    43
       Plate armour      |    75 |   132 |    49 ||   256
       Skin              |       |    22 |       ||    22
Dodge: Dodged            |    39 |    20 |    11 ||    70

Levels and vault maps discovered:
D:1:      minmay_arrival_stair_chambers, layout_basic,
          shapermc_ecumenical_altar_gd
D:2:      layout_basic, serial_undead, serial_undead_a, serial_undead_f,
          serial_undead_c, serial_undead_f, serial_undead_d, serial_undead_f,
          serial_undead_f, serial_undead_b
D:3:      layout_loops_ring, minitemple, mainiacjoe_overflow_paths
D:4:      layout_basic, palyth_temple_overflow_mages, lemuel_doored_altar,
          serial_shops, shop_fountains, minmay_misc_feat_doors
D:5:      layout_gridville, general_overflow_altar
